General information
			
			
        
        - name: gfaqs
 
        - type: Custom game
 
        - host: darkwasp
 
        - saver: Miles_Edgeworth
 
        
map: TurtleRock 
        - players: 3
 
        - length: 20:16
 
        - speed: Fast
 - version: 1.22 W3XP
 - replay type:  Public
 
» download(74 KB)
Players
        team 1 (winner) 
              
              
» 
ieatworms (
purple | 73 APM | 1489 actions | 20:16)
              
 5 Far Seer 
 2 Feral Spirit
 3 Chain Lighting
 5 Shadow Hunter 
 3 Healing Wave
 2 Serpent Ward
 4 Tauren Chieftain 
 2 War Stomp
 2 Endurance Aura
 
                » actions 
                
                | Assign group hotkey | 32 |  | 
| Basic commands | 180 |  | 
| Build / train | 83 |  | 
| Enter build submenu | 16 |  | 
| Enter hero's abilities submenu | 14 |  | 
| Give item / drop item | 1 |  | 
| Right click | 421 |  | 
| Select / deselect | 471 |  | 
| Select group hotkey | 147 |  | 
| Use ability | 124 |  | 
                1489 total
 » units 
                
                | Peon | 13 |  | 
| Grunt | 3 |  | 
| Troll Headhunter/Berserker | 21 |  | 
| Shaman | 5 |  | 
| Tauren | 3 |  | 
                45 total
 » upgrades
                
                | Troll Regeneration | 2 |  | 
| Witch Doctor Training | 1 |  | 
| Shaman Training | 2 |  | 
| Ranged Weapons | 2 |  | 
| Berserker Upgrade | 1 |  | 
| Armor | 1 |  | 
| Pulverize | 1 |  | 
                10 total
 » buildings
                
                | Altar of Storms | 1 |  | 
| Orc Burrow | 6 |  | 
| Barracks | 1 |  | 
| Voodoo Lounge | 1 |  | 
| Stronghold | 1 |  | 
| War Mill | 1 |  | 
| Spirit Lodge | 1 |  | 
| Fortress | 1 |  | 
| Great Hall | 2 |  | 
| Tauren Totem | 2 |  | 
                17 total
 » build order
                00:07 Altar of Storms
00:10 Orc Burrow
00:27 Barracks
01:27 Orc Burrow
02:06 Voodoo Lounge
02:56 Stronghold
03:15 War Mill
03:59 Orc Burrow
05:43 Spirit Lodge
06:41 Fortress
07:26 Orc Burrow
09:22 Orc Burrow
10:51 Orc Burrow
12:30 Great Hall
14:26 Tauren Totem
14:28 Tauren Totem
20:09 Great Hall
» items
                
                | Healing Salve | 3 |  | 
| Lesser Clarity Potion | 3 |  | 
| Scroll of Speed | 2 |  | 
| Scroll of Town Portal | 1 |  | 
                9 total
  
               team 2 (loser) 
              
              
Miles_Edgeworth (
blue | 130 APM | 2641 actions | 20:16)
              
 5 Death Knight 
 3 Death Coil
 2 Unholy Aura
 4 Lich 
 2 Frost Nova
 2 Frost Armor
 
                » actions 
                
                | Assign group hotkey | 27 |  | 
| Basic commands | 203 |  | 
| Build / train | 64 |  | 
| ESC pressed | 5 |  | 
| Enter build submenu | 17 |  | 
| Enter hero's abilities submenu | 9 |  | 
| Give item / drop item | 3 |  | 
| Right click | 962 |  | 
| Select / deselect | 546 |  | 
| Select group hotkey | 689 |  | 
| Use ability | 116 |  | 
                2641 total
 » units 
                
                | Acolyte | 5 |  | 
| Ghoul | 5 |  | 
| Crypt Fiend | 10 |  | 
| Obsidian Statue | 6 |  | 
| Abomination | 1 |  | 
                27 total
 » upgrades
                
                | Creature Carapace | 1 |  | 
| Web | 1 |  | 
| Creature Attack | 2 |  | 
| Destroyer Form | 1 |  | 
                5 total
 » buildings
                
                | Altar of Darkness | 1 |  | 
| Ziggurat | 5 |  | 
| Crypt | 1 |  | 
| Tomb of Relics | 1 |  | 
| Graveyard | 1 |  | 
| Nerubian Tower | 1 |  | 
| Halls of the Dead | 1 |  | 
| Slaughterhouse | 1 |  | 
| Sacrificial Pit | 1 |  | 
| Black Citadel | 1 |  | 
| Necropolis | 1 |  | 
                15 total
 » build order
                00:05 Altar of Darkness
00:09 Ziggurat
00:34 Crypt
00:49 Tomb of Relics
01:16 Graveyard
01:55 Nerubian Tower
02:28 Ziggurat
04:05 Halls of the Dead
04:59 Ziggurat
07:00 Slaughterhouse
07:16 Sacrificial Pit
07:24 Ziggurat
08:18 Black Citadel
09:25 Ziggurat
18:35 Necropolis
» items
                
                | Rod of Necromancy | 2 |  | 
| Circlet of Nobility | 2 |  | 
| Scroll of Town Portal | 2 |  | 
| Potion of Healing | 7 |  | 
| Orb of Corruption | 1 |  | 
| Scroll of Healing | 1 |  | 
| Staff of Teleportation | 1 |  | 
| Potion of Mana | 1 |  | 
                17 total
  
               observersdarkwasp Chat log
          
(20:12 / All) Miles_Edgeworth: GG
(20:15 / All) ieatworms: gg